PAAA
SYRACUSE STARKS @ FOREST CITY WARRIORS
07/16/2042
 
TOP OF THE 1ST
Syracuse Starks batting - Pitching for Forest City Warriors : RHP Clarence Miller
Pitching: RHP Clarence Miller
Batting: RHB Damon Newbold 0-0: Ball
1-0: Ball
2-0: Called Strike
2-1: Foul Ball, location: 2F
2-2: Ball
3-2: Base on Balls
Batting: RHB Akke Derksen 0-0: Ball
1-0: Fielders Choice at 2nd, 6-4 (Groundball, 56, EV 91.2 MPH)
Batting: LHB Mare Riseley 0-0: Called Strike
0-1: Foul Ball, location: 2F
0-2: Reached on error, E6 (Groundball, 6, EV 84.4 MPH)
Akke Derksen to second
Batting: RHB Arsenio Laurel 0-0: Ball
1-0: DOUBLE (Line Drive, 89D, EV 107.5 MPH)
Akke Derksen scores
Mare Riseley to third
Batting: RHB Atanza Vongor 0-0: Called Strike
0-1: Foul Ball, location: 2F
0-2: Strikes out swinging
Batting: RHB Luther H. Greene 0-0: Ball
1-0: Foul Ball, location: 2F
1-1: Ball
2-1: Foul Ball, location: 2F
2-2: Foul Ball, location: 2F
2-2: Ball
3-2: Foul Ball, location: 2F
3-2: Fly out, F9 (Flyball, 9D, EV 88.8 MPH)
Top of the 1st over - 1 run, 1 hit, 1 error, 2 left on base; Syracuse 1 - Forest City 0
BOTTOM OF THE 1ST
Forest City Warriors batting - Pitching for Syracuse Starks : RHP Austin Bizzle
Pitching: RHP Austin Bizzle
Batting: SHB Esteban Piñeiro 0-0: Called Strike
0-1: Foul Ball, location: 2F
0-2: Fly out, F9 (Flyball, 9, EV 93.8 MPH)
Batting: RHB Dale Epner 0-0: Ball
1-0: Ball
2-0: Called Strike
2-1: Fly out, F9 (Flyball, 89D, EV 103.1 MPH)
Batting: LHB Danny Rodríguez 0-0: SOLO HOME RUN (Flyball, 9D, EV 104.4 MPH), Distance : 353 ft
Batting: LHB Pedro Durán 0-0: Ball
1-0: Ball
2-0: Foul Ball, location: 2F
2-1: Fly out, F7 (Flyball, 78S, EV 87.5 MPH)
Bottom of the 1st over - 1 run, 1 hit, 0 errors, 0 left on base; Syracuse 1 - Forest City 1
TOP OF THE 2ND
Syracuse Starks batting - Pitching for Forest City Warriors : RHP Clarence Miller
Batting: RHB Takashi Miike 0-0: Called Strike
0-1: Ball
1-1: SINGLE (Groundball, 56D, EV 96.9 MPH)
Batting: RHB Patrick Mildren 0-0: Called Strike
Takashi Miike steals 2nd base
0-1: Ball
1-1: Swinging Strike
1-2: Foul Ball, location: 2F
1-2: Strikes out looking
Batting: RHB Francisco Agámez 0-0: SINGLE (Groundball, 56D, EV 96.9 MPH)
Takashi Miike to third
Batting: RHB Damon Newbold 0-0: Called Strike
0-1: Ball
1-1: Swinging Strike
1-2: Ball
2-2: Ball
3-2: Strikes out looking
Batting: RHB Akke Derksen 0-0: Foul Ball, location: 2F
0-1: Foul Ball, location: 2F
0-2: Foul Ball, location: 2F
0-2: Fly out, F8 (Flyball, 78S, EV 86.2 MPH)
Top of the 2nd over - 0 runs, 2 hits, 0 errors, 2 left on base; Syracuse 1 - Forest City 1
BOTTOM OF THE 2ND
Forest City Warriors batting - Pitching for Syracuse Starks : RHP Austin Bizzle
Batting: RHB Charlie Cummings 0-0: Called Strike
0-1: Ball
1-1: Swinging Strike
1-2: Foul Ball, location: 2F
1-2: Ball
2-2: Ball
3-2: Fly out, F7 (Flyball, 78S, EV 90.6 MPH)
Batting: RHB Lawrence Stokes 0-0: Called Strike
0-1: Called Strike
0-2: Ball
1-2: Ball
2-2: Foul Ball, location: 2F
2-2: Ball
3-2: Foul Ball, location: 2F
3-2: Fly out, F7 (Flyball, 7S, EV 86.9 MPH)
Batting: RHB Germán Gracía 0-0: Ball
1-0: Called Strike
1-1: Swinging Strike
1-2: Ball
2-2: Strikes out swinging
Bottom of the 2nd over - 0 runs, 0 hits, 0 errors, 0 left on base; Syracuse 1 - Forest City 1
TOP OF THE 3RD
Syracuse Starks batting - Pitching for Forest City Warriors : RHP Clarence Miller
Batting: LHB Mare Riseley 0-0: Swinging Strike
0-1: Foul Ball, location: 2F
0-2: Ground out U3 (Groundball, 3, EV 86.2 MPH)
Batting: RHB Arsenio Laurel 0-0: Ball
1-0: Swinging Strike
1-1: Foul Ball, location: 2F
1-2: Foul Ball, location: 2F
1-2: Ball
2-2: Strikes out swinging
Batting: RHB Atanza Vongor 0-0: Foul Ball, location: 2F
0-1: Foul Ball, location: 2F
0-2: Ball
1-2: Ball
2-2: Strikes out swinging
Top of the 3rd over - 0 runs, 0 hits, 0 errors, 0 left on base; Syracuse 1 - Forest City 1
BOTTOM OF THE 3RD
Forest City Warriors batting - Pitching for Syracuse Starks : RHP Austin Bizzle
Batting: LHB Derek Healey 0-0: Called Strike
0-1: Foul Ball, location: 2F
0-2: Foul Ball, location: 2F
0-2: SOLO HOME RUN (Flyball, 9D, EV 112.5 MPH), Distance : 352 ft
Batting: RHB Yu-bao Wie 0-0: Ball
1-0: Called Strike
1-1: Called Strike
1-2: Ball
2-2: Fly out, F8 (Flyball, 8RM, EV 90.0 MPH)
Batting: SHB Esteban Piñeiro 0-0: Ground out U3 (Groundball, 34, EV 107.5 MPH)
Batting: RHB Dale Epner 0-0: SINGLE (Flyball, 7LS, EV 90.6 MPH)
Batting: LHB Danny Rodríguez 0-0: Called Strike
Dale Epner is caught stealing 2nd base 2-6
Bottom of the 3rd over - 1 run, 2 hits, 0 errors, 0 left on base; Syracuse 1 - Forest City 2
TOP OF THE 4TH
Syracuse Starks batting - Pitching for Forest City Warriors : RHP Clarence Miller
Batting: RHB Luther H. Greene 0-0: Called Strike
0-1: Fly out, F9 (Flyball, 9LS, EV 90.0 MPH)
Batting: RHB Takashi Miike 0-0: Ball
1-0: Called Strike
1-1: Foul Ball, location: 2F
1-2: Strikes out looking
Batting: RHB Patrick Mildren 0-0: Ball
1-0: Ball
2-0: Fly out, F9 (Flyball, 9S, EV 96.2 MPH)
Top of the 4th over - 0 runs, 0 hits, 0 errors, 0 left on base; Syracuse 1 - Forest City 2
BOTTOM OF THE 4TH
Forest City Warriors batting - Pitching for Syracuse Starks : RHP Austin Bizzle
Batting: LHB Danny Rodríguez 0-0: Ball
1-0: Ball
2-0: Called Strike
2-1: Foul Ball, location: 2F
2-2: Ball
3-2: Fly out, F8 (Flyball, 89M, EV 89.4 MPH)
Batting: LHB Pedro Durán 0-0: Ball
1-0: Ball
2-0: Fly out, F7 (Flyball, 7, EV 81.2 MPH)
Batting: RHB Charlie Cummings 0-0: Called Strike
0-1: Ball
1-1: Foul Ball, location: 2F
1-2: Ground out 6-3 (Groundball, 6, EV 83.8 MPH)
Bottom of the 4th over - 0 runs, 0 hits, 0 errors, 0 left on base; Syracuse 1 - Forest City 2
TOP OF THE 5TH
Syracuse Starks batting - Pitching for Forest City Warriors : RHP Clarence Miller
Batting: RHB Francisco Agámez 0-0: Foul Ball, location: 2F
0-1: Ball
1-1: Ball
2-1: Foul Ball, location: 2F
2-2: Strikes out swinging
Batting: RHB Damon Newbold 0-0: Foul Ball, location: 2F
0-1: Foul Ball, location: 2F
0-2: Ball
1-2: Strikes out swinging
Batting: RHB Akke Derksen 0-0: Ball
1-0: Ground out 1-3 (Groundball, 34S, EV 71.2 MPH)
Top of the 5th over - 0 runs, 0 hits, 0 errors, 0 left on base; Syracuse 1 - Forest City 2
BOTTOM OF THE 5TH
Forest City Warriors batting - Pitching for Syracuse Starks : RHP Austin Bizzle
Batting: RHB Lawrence Stokes 0-0: Ball
1-0: Ground out U3 (Groundball, 3L, EV 103.8 MPH)
Batting: RHB Germán Gracía 0-0: Ball
1-0: Called Strike
1-1: Foul Ball, location: 2F
1-2: Fly out, F6 (Popup, 6, EV 60.0 MPH)
Batting: LHB Derek Healey 0-0: Ball
1-0: Foul Ball, location: 2F
1-1: Foul Ball, location: 2F
1-2: Ball
2-2: Ball
3-2: Fly out, F9 (Flyball, 9S, EV 92.5 MPH)
Bottom of the 5th over - 0 runs, 0 hits, 0 errors, 0 left on base; Syracuse 1 - Forest City 2
TOP OF THE 6TH
Syracuse Starks batting - Pitching for Forest City Warriors : RHP Clarence Miller
Batting: LHB Mare Riseley 0-0: Fly out, F6 (Popup, 15S, EV 81.2 MPH)
Batting: RHB Arsenio Laurel 0-0: Ball
1-0: Called Strike
1-1: Ground out 6-3 (Groundball, 6, EV 100.6 MPH)
Batting: RHB Atanza Vongor 0-0: Ball
1-0: Ball
2-0: Reached on error, E1 (Groundball, 34S, EV 90.6 MPH)
Batting: RHB Luther H. Greene 0-0: Called Strike
0-1: Ball
1-1: Ball
2-1: Ball
3-1: Swinging Strike
3-2: Fly out, F8 (Flyball, 8RM, EV 85.6 MPH)
Top of the 6th over - 0 runs, 0 hits, 1 error, 1 left on base; Syracuse 1 - Forest City 2
BOTTOM OF THE 6TH
Forest City Warriors batting - Pitching for Syracuse Starks : RHP Austin Bizzle
Batting: RHB Yu-bao Wie 0-0: Bunted foul
0-1: Ball
1-1: Foul Ball, location: 2F
1-2: Ball
2-2: Foul Ball, location: 2F
2-2: Fly out, F3 (Popup, 3S, EV 42.5 MPH)
Batting: SHB Esteban Piñeiro 0-0: Fly out, F8 (Line Drive, 8RD, EV 98.8 MPH)
Batting: RHB Dale Epner 0-0: Ball
1-0: Called Strike
1-1: Ball
2-1: SINGLE (Groundball, 2L, EV 62.5 MPH) (infield hit)
Batting: LHB Danny Rodríguez 0-0: Fly out, F9 (Line Drive, 9, EV 91.2 MPH)
Bottom of the 6th over - 0 runs, 1 hit, 0 errors, 1 left on base; Syracuse 1 - Forest City 2
TOP OF THE 7TH
Syracuse Starks batting - Pitching for Forest City Warriors : RHP Clarence Miller
Batting: RHB Takashi Miike 0-0: Ball
1-0: Foul Ball, location: 2F
1-1: Ball
2-1: SINGLE (Groundball, 6MD, EV 94.4 MPH)
Batting: RHB Patrick Mildren 0-0: Bunt missed!
0-1: Bunted foul
0-2: Ball
1-2: Fielders Choice at 2nd, 6-4 (Groundball, 6, EV 85.6 MPH)
Batting: RHB Francisco Agámez 0-0: Ball
1-0: Fly out, F9 (Line Drive, 9, EV 87.5 MPH)
Pitching: RHP Lance Mascola
Pinch Hitting: LHB Bill Gracián 0-0: SINGLE (Groundball, 4MD, EV 98.8 MPH)
Patrick Mildren to second
Runner from 2nd tries for 3rd, SAFE, no throw by CF
Batting: RHB Akke Derksen 0-0: Foul Ball, location: 2F
0-1: Fielders Choice at 2nd, 5-4 (Groundball, 56, EV 86.2 MPH)
Top of the 7th over - 0 runs, 2 hits, 0 errors, 2 left on base; Syracuse 1 - Forest City 2
BOTTOM OF THE 7TH
Forest City Warriors batting - Pitching for Syracuse Starks : RHP Austin Bizzle
Now at SS: Bill Gracián
Batting: LHB Pedro Durán 0-0: Called Strike
0-1: Ball
1-1: Foul Ball, location: 2F
1-2: Ball
2-2: Ball
3-2: Base on Balls
Batting: RHB Charlie Cummings 0-0: Called Strike
0-1: Fly out, F8 (Flyball, 8RD, EV 70.0 MPH)
Batting: RHB Lawrence Stokes 0-0: Ball
1-0: Ball
2-0: Fly out, F8 (Flyball, 89D, EV 80.0 MPH)
Batting: RHB Germán Gracía 0-0: Ball
1-0: Ball
2-0: Foul Ball, location: 2F
2-1: Foul Ball, location: 2F
2-2: Ball
3-2: Base on Balls
Pedro Durán to second
Batting: LHB Derek Healey 0-0: Ground out 1-3 (Groundball, 13, EV 66.9 MPH)
Bottom of the 7th over - 0 runs, 0 hits, 0 errors, 2 left on base; Syracuse 1 - Forest City 2
TOP OF THE 8TH
Syracuse Starks batting - Pitching for Forest City Warriors : RHP Lance Mascola
Batting: LHB Mare Riseley 0-0: Ball
1-0: SINGLE (Groundball, 6MD, EV 110.6 MPH)
Batting: RHB Arsenio Laurel 0-0: Ball
1-0: Fly out, F8 (Flyball, 8LS, EV 87.5 MPH)
Pinch Hitting: RHB Mike Branch 0-0: Foul Ball, location: 2F
0-1: Fly out, F4 (Popup, 34, EV 67.5 MPH)
Batting: RHB Luther H. Greene 0-0: Swinging Strike
0-1: Ball
1-1: Ball
2-1: Ball
3-1: Foul Ball, location: 2F
3-2: Fly out, F3 (Popup, 3SF, EV 88.8 MPH)
Top of the 8th over - 0 runs, 1 hit, 0 errors, 1 left on base; Syracuse 1 - Forest City 2
BOTTOM OF THE 8TH
Forest City Warriors batting - Pitching for Syracuse Starks : RHP Austin Bizzle
Now at 1B: Ewan Manshert
Batting: RHB Yu-bao Wie 0-0: Ball
1-0: Foul Ball, location: 2F
1-1: Foul Ball, location: 2F
1-2: Fly out, F9 (Line Drive, 9D, EV 96.2 MPH)
Batting: SHB Esteban Piñeiro 0-0: Ball
1-0: Called Strike
1-1: Foul Ball, location: 2F
1-2: SINGLE (Line Drive, 9LS, EV 93.1 MPH)
Pitching: RHP Greyfriars Bobby
Batting: RHB Dale Epner 0-0: Foul Ball, location: 2F
0-1: Ball
1-1: Ball
Esteban Piñeiro steals 2nd base
2-1: SINGLE (Flyball, 9LS, EV 96.9 MPH)
Esteban Piñeiro to third
Runner from 3rd tries for Home, SAFE, throw by RF to home
Batting: LHB Danny Rodríguez 0-0: 2-RUN HOME RUN (Line Drive, 89XD, EV 101.2 MPH), Distance : 423 ft
Batting: LHB Pedro Durán 0-0: SINGLE (Flyball, 4MD, EV 97.5 MPH)
Batting: RHB Charlie Cummings 0-0: Ball
1-0: Fly out, F7 (Flyball, 7LS, EV 91.2 MPH)
Batting: RHB Lawrence Stokes 0-0: Ball
1-0: Ball
2-0: Ball
3-0: Called Strike
3-1: Base on Balls
Pedro Durán to second
Batting: RHB Germán Gracía 0-0: Fielders Choice at 2nd, 6-4 (Groundball, 6, EV 106.2 MPH)
Bottom of the 8th over - 3 runs, 4 hits, 0 errors, 2 left on base; Syracuse 1 - Forest City 5
TOP OF THE 9TH
Syracuse Starks batting - Pitching for Forest City Warriors : RHP Lance Mascola
Pitching: RHP Mariano Bueno
Batting: RHB Takashi Miike 0-0: Called Strike
0-1: Foul Ball, location: 2F
0-2: Foul Ball, location: 2F
0-2: Ball
1-2: SINGLE (Line Drive, 78S, EV 101.9 MPH)
Batting: RHB Patrick Mildren 0-0: Called Strike
0-1: Fly out, F9 (Flyball, 9S, EV 79.4 MPH)
Batting: RHB Francisco Agámez 0-0: Called Strike
0-1: Ball
1-1: Foul Ball, location: 2F
1-2: Ball
2-2: Strikes out swinging
Batting: LHB Bill Gracián 0-0: Ball
1-0: Ground out 5-3 (Groundball, 56S, EV 76.9 MPH)
Top of the 9th over - 0 runs, 1 hit, 0 errors, 1 left on base; Syracuse 1 - Forest City 5
Friday, March 26th, 2021 - OOTP Baseball 20.8 Build 74